 Dungeon Crawl Stone Soup version 0.28.0-1-gb440e238dd (webtiles) character file.

Game seed: 10030055625365037361

28 iguanaiguana the Shield-Bearer (level 3, -2/33 HPs)
             Began as a Minotaur Fighter on Feb 19, 2022.
             Slain by an adder (3 damage)
             ... on level 2 of the Dungeon.
             The game lasted 00:00:22 (327 turns).

iguanaiguana the Shield-Bearer (Minotaur Fighter)    Turns: 327, Time: 00:00:22

Health: -2/33      AC:  7    Str: 22    XL:     3   Next: 0%
Magic:  2/2        EV:  9    Int:  5    God:
Gold:   1          SH:  4    Dex:  9    Spells: 2/2 levels left

rFire   . . .      SeeInvis .   a - +0 war axe
rCold   . . .      Faith    .   c - +0 buckler
rNeg    . . .      Spirit   .   b - +0 scale mail
rPois   .          Reflect  .   (helmet restricted)
rElec   .          Harm     .   (no cloak)
rCorr   .          Rampage  .   (no gloves)
Will    .....                   (no boots)
Stlth   ..........              (no amulet)
HPRegen 0.11/turn               (no ring)
MPRegen 0.08/turn               (no ring)

@: lethally poisoned (-2 -> -10)
A: horns 2, retaliatory headbutt
a: no special abilities


You were on level 2 of the Dungeon.
You visited 1 branch of the dungeon, and saw 2 of its levels.

You collected 1 gold pieces.

Inventory:

Hand Weapons
 a - a +0 war axe (weapon)
Missiles
 e - 4 boomerangs (quivered)
Armour
 b - a +0 scale mail (worn)
 c - a +0 buckler (worn)
Wands
 g - a wand of acid (5) {@v1}
Scrolls
 f - a scroll of fear {unknown}
Potions
 d - a potion of might {@q3}


   Skills:
 + Level 4.0 Fighting
 + Level 3.0 Axes
 + Level 4.0 Armour
 + Level 4.0 Shields


You had 2 spell levels left.
You didn't know any spells.
Your spell library was empty.

Dungeon Overview and Level Annotations

Branches:
Dungeon (2/15)

Altars:


Innate Abilities, Weirdness & Mutations

You have a pair of horns on your head.
You reflexively headbutt those who attack you in melee.


Message History

A worm comes into view.
You see here a black potion.
A goblin comes into view. It is wielding a +0 club.
The goblin shouts!
The worm closely misses you.
You slash the worm!
The worm is heavily wounded.
The worm barely misses you. You furiously retaliate!
You headbutt the worm!
There are monsters nearby!
You barely miss the worm.
The worm is almost dead.
An adder comes into view.
You barely miss the worm.
The adder hisses angrily.
You headbutt the worm.
You kill the worm!
The goblin hits you but does no damage.
Your Axes skill increases to level 3!
You closely miss the goblin. The goblin barely misses you.
There are monsters nearby!
You barely miss the goblin. The goblin hits you but does no damage.
You hit the goblin. Your headbutt misses the goblin.
The goblin is moderately wounded.
You block the goblin's attack. The adder closely misses you.
The goblin hits you with a +0 club.
You closely miss the goblin.
The goblin is moderately wounded.
You closely miss the adder. The adder bites you. The goblin barely misses you.
The adder closely misses you.
There are monsters nearby!
You closely miss the goblin.
The goblin is moderately wounded.
You hit the adder but do no damage. The adder bites you.
The goblin hits you with a +0 club. The adder completely misses you.
You slash the goblin!
You kill the goblin!
You miss the adder. The adder bites you.
You are poisoned.
The adder poisons you!
You have reached level 3!
Your experience leads to an increase in your attributes!
Increase (S)trength, (I)ntelligence, or (D)exterity?
You feel stronger. x2
An adder is nearby!
You closely miss the adder.
You feel sick. The adder barely misses you.
The adder bites you but does no damage.
You hit the adder.
The adder is heavily wounded.
You feel sick. The adder bites you but does no damage.
The adder barely misses you.
You are too injured to fight recklessly!
An adder is nearby!
You are too injured to fight recklessly!
You are too injured to fight recklessly!
You are too injured to fight recklessly!
An adder is nearby!
You are too injured to fight recklessly!
You are too injured to fight recklessly!
You are too injured to fight recklessly!
An adder is nearby!
You are too injured to fight recklessly!
You are too injured to fight recklessly!
You are too injured to fight recklessly!
An adder is nearby!
You are too injured to fight recklessly!
You are too injured to fight recklessly!
You are too injured to fight recklessly!
You closely miss the adder.
The adder is heavily wounded.
You feel sick.
You are no longer poisoned.
The adder closely misses you. The adder bites you but does no damage.
You closely miss the adder.
The adder is heavily wounded.
The adder bites you.
You are poisoned.
The adder poisons you!
You barely miss the adder. Your headbutt misses the adder.
The adder is heavily wounded.
You feel sick. The adder bites you. The adder bites you but does no damage.
You barely miss the adder.
The adder is heavily wounded.
You feel sick. You block the adder's attack. The adder bites you.
* * * LOW HITPOINT WARNING * * *
You are lethally poisoned!
The adder poisons you!
You barely miss the adder.
The adder is heavily wounded.
* * * LOW HITPOINT WARNING * * *
You feel very sick. The adder bites you.
* * * LOW HITPOINT WARNING * * *
You are more poisoned.
The adder poisons you! The adder bites you but does no damage.
You miss the adder.
The adder is heavily wounded.
* * * LOW HITPOINT WARNING * * *
You feel very sick. The adder bites you.
You die...

#..#..####.##.# #..#.##
#.##.# ####
#..#.####.#.#.##...#
#...†>...###.....#.#
#.#...###.#........#
#.......†..#....>..####
#.#...######...!.......
#.#...# ###...S....####
# #.... ......)@...#
........##..##.#..#
................#..#
#.........########....
####... .#.. .#.## #


You could see an adder.

Vanquished Creatures
  An adder (D:2)
  A worm (D:2)
  2 goblins (D:2)
  A hobgoblin (D:1)
  4 jackals (D:1)
  A ball python (D:2)
  2 bats (D:2)
  2 frilled lizards (D:1)
  3 rats
17 creatures vanquished.

Notes
Turn   | Place    | Note
-------+----------+-------------------------------------------
     0 | D:1      | iguanaiguana the Minotaur Fighter began the quest for the
                  | Orb.
     0 | D:1      | Reached XP level 1. HP: 19/19 MP: 0/0
   118 | D:1      | Reached XP level 2. HP: 23/27 MP: 1/1
   320 | D:2      | Reached XP level 3. HP: 22/33 MP: 2/2
   327 | D:2      | HP: 1/33 [poisoned by an adder]
   327 | D:2      | Slain by an adder

Illustrated notes

Levels and vault maps discovered:
D:1:      minmay_arrival_glassed_features, layout_basic,
          hellmonk_ecumenical_altar_run_dry, hangedman_decor_opposing,
          nicolae_figureground_pulse
D:2:      layout_loops_ring, minmay_ruptured, uniq_crazy_yiuf_cottage

Skill      XL: |  1  2 |
---------------+-------+-----
Shields        | 4 |  4.0
Fighting       | 4 |  4.0
Armour         | 4 |  4.0
Axes           | 3 |  3.0

Action                   || total
-------------------------++-------
Melee: War axe           ||    43
       Headbutt          ||     3
Armor: Scale mail        ||    23
Dodge: Dodged            ||    25
Block: Buckler           ||    13
